 Dungeon Crawl Stone Soup version 0.31-a0-182-gc5ef74bbde (webtiles) character file.

Game seed: 18389837289438963989

171 gelatine the Chopper (level 5, -1/39 HPs)
             Began as a Demonspawn Gladiator on June 20, 2023.
             Slain by a gnoll
             ... wielding a +0 flail
             ... led by a gnoll bouda
              (4 damage)
             ... on level 3 of the Dungeon.
             The game lasted 00:07:46 (2562 turns).

gelatine the Chopper (Demonspawn Gladiator)         Turns: 2562, Time: 00:07:48

Health: -1/39      AC:  4    Str: 16    XL:     5   Next: 26%
Magic:  5/5        EV: 12    Int: 10    God:
Gold:   112        SH:  0    Dex: 14    Spells: 4/4 levels left

rFire   x . .        a - +0 war axe
rCold   . . .        (no shield)
rNeg    . . .        p - +0 ring mail
rPois   +            c - +0 helmet
rElec   .            (no cloak)
rCorr   .            (no gloves)
SInv    .            o - +0 pair of boots
Will    .....        (no amulet)
Stlth   +            (no ring)
HPRegen 0.26/turn    (no ring)
MPRegen 0.09/turn

%: no passive effects
@: no status effects
A: hooves 2, sturdy frame 1, deformed body, poison resistance, heat
vulnerability 1
a: no special abilities


You were on level 3 of the Dungeon.
You visited 1 branch of the dungeon, and saw 4 of its levels.

You collected 112 gold pieces.

Inventory:

Hand Weapons
 a - a +0 war axe (weapon)
Missiles
 j - a poisoned dart (quivered)
Armour
 b - a +0 leather armour
 c - a +0 helmet (worn)
 o - a +0 pair of boots (worn)
 p - a +0 ring mail (worn)
Scrolls
 d - 4 scrolls of identify {unknown}
 f - a scroll of teleportation {unknown}
 h - a scroll of fear {unknown}
 i - 2 scrolls of enchant weapon {unknown}
 l - a scroll of blinking {unknown}
 n - a scroll of acquirement {unknown}
 q - 2 scrolls of enchant armour {unknown}
Potions
 r - a potion of lignification


   Skills:
 * Level 2.4 Fighting
 * Level 4.1 Axes
 * Level 2.4 Throwing
 * Level 1.0 Armour
 * Level 3.3 Dodging
 * Level 1.0 Stealth


You had 4 spell levels left.
You didn't know any spells.
Your spell library contained the following spells:

 Spells                   Type           Power      Damage    Failure   Level
 Summon Small Mammal      Summ           0%         N/A       45%         1
 Call Canine Familiar     Summ           0%         N/A       83%         3
 Summon Guardian Golem    Hex/Summ       0%         N/A       83%         3
 Leda's Liquefaction      Hex/Erth       0%         N/A       99%         4
 Lee's Rapid Deconstruct  Erth           0%         3d4*      100%        5
 Leda's Unmaking          Conj/Erth      0%         9d1       100%        6
 Statue Form              Tmut/Erth      0%         N/A       100%        6
 Chain Lightning          Conj/Air       0%         N/A       100%        9
 Fire Storm               Conj/Fire      0%         5d1       100%        9
 Shatter                  Erth           0%         3d5*      100%        9


Dungeon Overview and Level Annotations

Branches:
Dungeon (4/15)
 Temple: D:4-7

Altars:
Okawaru


Innate Abilities, Weirdness & Mutations

You have hoof-like feet.
Your movements are slightly less encumbered by armour. (ER -2)
Armour fits poorly on your strangely shaped body.
Your system is resistant to poisons. (rPois)
You are vulnerable to heat. (rF-)


Message History

Unknown command.
You barely miss the gnoll.
The gnoll is heavily wounded.
You slash the giant cockroach!
You kill the giant cockroach!
The gnoll bouda calls upon its god to heal the gnoll.
The gnoll is healed somewhat.
The gnoll misses you.
The gnoll hits you from afar with a +0 spear.
The gnoll bouda gazes fiercely through you!
You feel your attacks grow feeble. The gnoll completely misses you.
The gnoll misses you. The gnoll hits you with a +0 halberd!
You climb upwards.
There is a stone staircase leading down, spattered with blood here.
Things that are here:
a +0 whip; a gnoll corpse You hit the gnoll.
The gnoll is heavily wounded.
The gnoll hits you with a +0 flail!
* * * LOW HITPOINT WARNING * * *
Unknown command.
You barely miss the gnoll.
The gnoll is heavily wounded.
Your attacks no longer feel as feeble.
The gnoll hits you with a +0 flail.
* * * LOW HITPOINT WARNING * * *
The gnoll misses you.
Unknown command.
You hit the gnoll.
The gnoll is severely wounded.
The gnoll barely misses you.
Unknown command.
You completely miss the gnoll.
The gnoll is severely wounded.
The gnoll closely misses you.
Unknown command.
You hit the gnoll but do no damage.
The gnoll is heavily wounded.
The gnoll hits you with a +0 flail.
You die...

###.########## #####.......#
#......# ####### #.......#
#.#.##.# #.....# ##.....#####
##.#.##.#
#.....######...#.....
#.......#
#....................
#..##.#.#
#.....####...........
#.......# #.....#
#.##.##.#### #.##..#.#
##########.##.##.# #.##.##.#
#g@.........##.# #.##.##.#
#.#####..#####.# #.......#
####......).#####.# ####.####
#.......##........# #.#
#.##.##.##..########
#.######.##.##............##
#........##........###.#.#.##
###########.#####..##.##.##.#
#........##........


You could see a gnoll (swift).

Vanquished Creatures
  A scorpion (D:3)
  Jessica (D:3)
  A gnoll (D:3)
  2 adders
  A worm (D:2)
  2 orcs (D:3)
  6 ball pythons
  5 endoplasms
  3 giant cockroaches
  4 goblins
  6 hobgoblins
  5 quokkas
  3 bats
  3 frilled lizards
  6 kobolds
  5 rats
54 creatures vanquished.

Notes
Turn   | Place    | Note
-------+----------+-------------------------------------------
     0 | D:1      | gelatine the Demonspawn Gladiator began the quest for the
                  | Orb.
     0 | D:1      | Reached XP level 1. HP: 16/16 MP: 1/1
   144 | D:1      | Gained mutation: Your movements are slightly less
                  | encumbered by armour. (ER -2) [demonic ancestry]
   144 | D:1      | Reached XP level 2. HP: 22/22 MP: 2/2
   161 | D:1      | Reached skill level 3 in Axes
   667 | D:1      | Reached XP level 3. HP: 26/27 MP: 3/3
  1153 | D:2      | Found a faded altar of an unknown god.
  1792 | D:3      | Found an iron altar of Okawaru.
  1956 | D:3      | Noticed Jessica
  1964 | D:3      | Killed Jessica
  1965 | D:3      | Gained mutation: You have large cloven feet. [demonic
                  | ancestry]
  1965 | D:3      | Reached XP level 4. HP: 18/33 MP: 4/4
  2438 | D:4      | Noticed a scorpion
  2450 | D:3      | Gained mutation: Your system is resistant to poisons.
                  | (rPois) [potion of mutation]
  2450 | D:3      | Gained mutation: Armour fits poorly on your strangely
                  | shaped body. [potion of mutation]
  2450 | D:3      | Gained mutation: You are vulnerable to heat. (rF-) [potion
                  | of mutation]
  2456 | D:3      | Killed a scorpion
  2457 | D:3      | Reached skill level 4 in Axes
  2457 | D:3      | Reached skill level 1 in Armour
  2457 | D:3      | Reached skill level 1 in Stealth
  2457 | D:3      | Gained mutation: You have hoof-like feet. [demonic
                  | ancestry]
  2457 | D:3      | Reached XP level 5. HP: 29/39 MP: 5/5
  2562 | D:3      | Slain by a gnoll

Illustrated notes

Levels and vault maps discovered:
D:1:      sevenhm_arrival_forest_fort_large_1, layout_rooms, serial_bayou,
          serial_bayou_shore_a, serial_bayou_lake_a, serial_bayou_pond_a,
          serial_bayou_pond_e
D:2:      layout_loops_corners, shapermc_ecumenical_altar_venn,
          grunt_ministairs_10
D:3:      layout_loops_cross, mainiacjoe_overflow_small_starburst, uniq_jessica
D:4:      layout_basic, kennysheep_mini_moat, mainiacjoe_overflow_alcove_4

Skill      XL: |  1  2  3  4 |
---------------+-------------+-----
Axes           | 3 4 |  4.1
Dodging        | 3 |  3.3
Throwing       | 2 |  2.4
Armour         | 1 |  1.0
Stealth        | 1 |  1.0
Fighting       | |  2.4

Action                     |  1- 3 |  4- 6 || total
---------------------------+-------+-------++-------
  Melee: War axe           |   126 |    31 ||   157
  Throw: Throwing net      |     5 |       ||     5
         Dart              |     6 |     3 ||     9
         Javelin           |     3 |     1 ||     4
    Use: Potion            |       |     4 ||     4
   Stab: Held in net/web   |     1 |       ||     1
         Sleeping          |     1 |       ||     1
 Armour: Leather armour    |    20 |       ||    20
         Ring mail         |    22 |    11 ||    33
         Skin              |       |     6 ||     6
  Dodge: Dodged            |    91 |    29 ||   120

Table legend: (Time is in decaauts)
 A = Elapsed time spent in this place.
 B = Non-inter-level travel time spent in this place.
 C = Inter-level travel time spent in this place.
 D = Time resting spent in this place.
 E = Time spent auto-exploring this place.
 F = Levels seen in this place.
 G = Mean time per level.
                   A        B        C        D        E       F      G
               +--------+--------+--------+--------+--------+-----+--------+
         Total |   2650 |   2519 |    131 |      0 |   1946 |   4 |  662.5 |
       Dungeon |   2650 |   2519 |    131 |      0 |   1946 |   4 |  662.5 |
               +--------+--------+--------+--------+--------+-----+--------+

Top non-repeatable levels by time:
     D:2: 938 daAuts
     D:1: 863 daAuts
     D:3: 832 daAuts
     D:4: 15 daAuts
